 Dungeon Crawl Stone Soup version 0.23.2-30-g0e89c35649 (webtiles) character file.

Game seed: 12436350712280099153

51 Elsur the Grave Robber (level 3, -1/19 HPs)
             Began as a Deep Elf Necromancer on June 6, 2019.
             Slain by an adder (4 damage)
             ... on level 2 of the Dungeon on June 18, 2019.
             The game lasted 00:23:31 (938 turns).

Elsur the Grave Robber (Deep Elf Necromancer)        Turns: 938, Time: 00:23:32

Health: -1/19      AC:  6    Str:  5    XL:     3   Next: 58%
Magic:  1/10       EV: 13    Int: 25    God:
Gold:   5          SH:  0    Dex: 15    Spells: 5/10 levels left

rFire    . . .     SeeInvis .   i - -2 whip (curse)
rCold    . . .     Gourm    .   (no shield)
rNeg     . . .     Faith    .   a - +2 robe
rPois    .         Spirit   .   (no helmet)
rElec    .         Reflect  .   (no cloak)
rCorr    .         Harm     .   m - +1 pair of gloves
MR       .....                  (no boots)
Stlth    ++........             (no amulet)
HPRegen  0.06/turn              (no ring)
MPRegen  0.12/turn              (no ring)

@: brilliant, lethally poisoned (-1 -> -5), very slightly contaminated
A: no striking features
a: no special abilities


You were on level 2 of the Dungeon.
You were not hungry.

You visited 1 branch of the dungeon, and saw 2 of its levels.

You collected 5 gold pieces.

Inventory:

Hand Weapons
 i - a cursed -2 whip (weapon)
 k - a +0 short sword
Armour
 a - a +2 robe (worn)
 m - a +1 pair of gloves (worn)
Scrolls
 e - a scroll of identify
Comestibles
 c - 2 rations
 d - 4 chunks of flesh


   Skills:
 + Level 2.6 Dodging
 + Level 2.4 Stealth
 + Level 4.1 Spellcasting
 + Level 5.7 Necromancy


You had 5 spell levels left.
You knew the following spells:

 Your Spells              Type           Power        Failure   Level  Hunger
a - Pain                  Necr           ####         1%          1    None
b - Animate Skeleton      Necr           N/A          1%          1    None
c - Vampiric Draining     Necr           #####.....   1%          3    ##.....

Your spell library contained the following spells:

 Spells                   Type           Power        Failure   Level  Hunger
 Regeneration             Chrm/Necr      ####......   1%          3    ##.....
 Animate Dead             Necr           N/A          1%          4    ####...


Dungeon Overview and Level Annotations

Branches:
Dungeon (2/15)

Altars:


Message History

The goblin hits you but does no damage. The quokka barely misses you.
You hit the quokka but do no damage. The quokka misses you.
The goblin hits you with a +0 dagger.
You hit the kobold.
You kill the kobold!
The quokka closely misses you. The goblin hits you but does no damage.
The quokka closely misses you.
You barely miss the adder.
You feel sick. The goblin closely misses you. The adder barely misses you.
The quokka bites you but does no damage.
The goblin hits you but does no damage.
You barely miss the quokka. The adder barely misses you.
The quokka barely misses you. The adder bites you but does no damage.
The goblin hits you but does no damage. The jackal misses you.
You closely miss the quokka. The quokka barely misses you.
The adder barely misses you. The jackal closely misses you.
The goblin barely misses you. The quokka bites you.
* * * LOW HITPOINT WARNING * * *
You miss the quokka. The jackal closely misses you. The adder bites you.
You die...

########## #........#
#.l......# #hSg.....#
#.@rh....##########
######...#.....##<.
#######.#.#.....†(.#
.####......r.......†####
...#.######....>...#
####...# ##h..).###
.......#######h..#.#
.........rh.K.....#.#
#.........Sh###......#


You could see an adder, a leopard gecko, a quokka, 2 jackals and a goblin.

Vanquished Creatures
  An adder (D:2)
  A worm (D:2)
  A dart slug (D:1)
  A leopard gecko (D:1)
  A ball python (D:1)
  2 giant cockroaches
  5 goblins (D:1)
  2 hobgoblins (D:1)
  6 kobolds
  5 bats
  2 frilled lizards (D:1)
  4 rats
31 creatures vanquished.

Vanquished Creatures (collateral kills)
  An ooze (D:1)
  2 hobgoblins (D:1)
  2 kobolds (D:1)
  2 rats (D:1)
7 creatures vanquished.

Grand Total: 38 creatures vanquished

Notes
Turn   | Place    | Note
-------+----------+-------------------------------------------
     0 | D:1      | Elsur the Deep Elf Necromancer began the quest for the Orb.
     0 | D:1      | Reached XP level 1. HP: 10/10 MP: 6/6
     2 | D:1      | Learned a level 1 spell: Animate Skeleton
    41 | D:1      | Reached skill level 5 in Necromancy
    45 | D:1      | Upgraded the game from 0.23.2-11-gf996548c65 to
                  | 0.23.2-30-g0e89c35649
   241 | D:1      | Reached XP level 2. HP: 9/15 MP: 2/8
   658 | D:1      | Reached XP level 3. HP: 7/19 MP: 8/10
   663 | D:1      | Learned a level 3 spell: Vampiric Draining
   938 | D:2      | Slain by an adder

Skill      XL: |  1  2  3 |
---------------+----------+-----
Necromancy     | 5 |  5.7
Spellcasting   | 4 |  4.1
Dodging        | |  2.6
Stealth        | |  2.4

Action                   || total
-------------------------++-------
Melee: Unarmed           ||     7
       Whip              ||    14
 Cast: Pain              ||    45
       Animate Skeleton  ||    17
       Vampiric Draining ||     1
  Use: Scroll            ||     9
       Potion            ||     2
Armor: Robe              ||    23
Dodge: Dodged            ||    54
